 Dungeon Crawl Stone Soup version 0.30-a0-1155-gf8af5b4991 (webtiles) character file.

Game seed: 13863643762853055020

187 MacCMillion the Shooter (level 5, -2/41 HPs)
             Began as a Demigod Hunter on Apr 24, 2023.
             Killed from afar by an orc wizard (8 damage)
             ... with a puff of flame
             ... on level 3 of the Dungeon.
             The game lasted 00:03:00 (2299 turns).

MacCMillion the Shooter (Demigod Hunter)            Turns: 2299, Time: 00:03:02

Health: -2/41      AC:  3    Str: 12    XL:     5   Next: 15%
Magic:  7/7        EV: 12    Int: 11    God:
Gold:   130        SH:  0    Dex: 21    Spells: 4/4 levels left

rFire   . . .        a - +0 shortbow
rCold   . . .        (shield currently unavailable)
rNeg    . . .        c - +0 leather armour
rPois   .            (no helmet)
rElec   .            (no cloak)
rCorr   .            (no gloves)
SInv    +            (no boots)
Will    .....        (no amulet)
Stlth   ++           p - ring of see invisible
HPRegen 0.26/turn    (no ring)
MPRegen 0.10/turn

%: no passive effects
@: no status effects
A: high MP 1, forlorn, divine attributes
a: no special abilities


You were on level 3 of the Dungeon.
You visited 1 branch of the dungeon, and saw 3 of its levels.

You collected 130 gold pieces.

Inventory:

Hand Weapons
 a - a +0 shortbow (weapon)
Armour
 c - a +0 leather armour (worn)
Jewellery
 p - a ring of see invisible (left hand)
Scrolls
 b - 3 scrolls of immolation
 e - a scroll of teleportation {unknown}
 g - 8 scrolls of identify {unknown}
 j - a scroll of vulnerability {unknown}
 o - a scroll of butterflies {unknown}
Potions
 d - a potion of resistance {unknown}
 f - a potion of mutation {unknown}
 h - a potion of heal wounds {unknown}
 i - 3 potions of might {unknown}
 k - a potion of magic {unknown}
 l - 2 potions of lignification {unknown}
 m - a potion of curing {unknown}
 n - 3 potions of brilliance {unknown}


   Skills:
 - Level 1.7 Fighting
 + Level 5.9 Ranged Weapons
 - Level 1.7 Dodging
 - Level 2.0 Stealth


You had 4 spell levels left.
You didn't know any spells.
Your spell library contained the following spells:

 Spells                   Type           Power      Damage    Failure   Level
 Volatile Blastmotes      Fire/Tloc      0%         2d10      80%         3
 Fulminant Prism          Conj/Hex       0%         3d5       99%         4
 Iskenderun's Mystic Bla  Conj/Tloc      0%         2d3       99%         4
 Lee's Rapid Deconstruct  Erth           0%         3d4*      100%        5


Dungeon Overview and Level Annotations

Branches:
Dungeon (3/15)

Shops:
D:3 :

Annotations:
D:2 Sigmund


Innate Abilities, Weirdness & Mutations

You have an increased reservoir of magic. (+10% MP)
You shall have no god before yourself.
Your divine heritage dramatically boosts your attributes as you level up.


Message History

The orc priest shouts!
You shoot an arrow. The arrow barely misses the orc priest.
The orc wizard shouts!
The arrow hits the orc wizard.
The orc wizard is moderately wounded.
The orc priest calls down the wrath of Beogh upon you.
You struggle to resist.
The orc wizard casts a spell.
The orc wizard flickers and vanishes for a moment.
You shoot an arrow. The arrow hits the orc wizard!
The orc wizard is severely wounded.
The orc priest looks satisfied for a moment.
The orc wizard points at you and mumbles some strange words.
You resist with some effort.
You shoot an arrow. The arrow barely misses the orc wizard.
The arrow closely misses the orc wizard.
The orc priest miscasts a cantrip.
You shoot an arrow. The arrow hits the orc wizard.
The orc wizard is almost dead.
The orc wizard casts a spell at you. The magic dart hits you!
The orc wizard casts a spell at you.
You are confused.
You bump into the rock wall.
The orc wizard casts a spell at you. The magic dart hits you.
The orc priest mumbles some strange prayers to Beogh against you.
Beogh smites you!
Unknown command.
You bump into the rock wall.
You clumsily bash the orc wizard but do no damage.
The orc wizard is almost dead.
You feel less confused.
The orc wizard points at you and mumbles some strange words.
The magic dart hits you!
* * * LOW HITPOINT WARNING * * *
The orc priest misses you. The orc wizard casts a spell at you.
The puff of flame hits you!
You die...

#...#.##...<##
##.....#####..#
#....########.###
##.........# #...###
....######.#####)..#######
.#########..#####........#
..........[......<.......#
###########.[............#
# ######@........#
#oo######## ##o..######
###....o<# ##.....#
#....)# . #)....# .
o.o..).# .o.#.....#


You could see an orc priest and 2 orc wizards.

Vanquished Creatures
  An orc priest (D:3)
  Natasha (thrice) (D:2)
  2 adders (D:2)
  2 worms (D:3)
  2 dart slugs
  3 orcs (D:3)
  10 endoplasms
  3 giant cockroaches
  3 goblins
  5 hobgoblins
  4 kobolds
  2 quokkas
  4 ball pythons
  6 bats
  A frilled lizard (D:1)
  3 rats
54 creatures vanquished.

Notes
Turn   | Place    | Note
-------+----------+-------------------------------------------
     0 | D:1      | MacCMillion the Demigod Hunter began the quest for the Orb.
     0 | D:1      | Reached XP level 1. HP: 17/17 MP: 3/3
    41 | D:1      | Reached skill level 1 in Stealth
   193 | D:1      | Reached XP level 2. HP: 22/24 MP: 4/4
   339 | D:1      | Reached skill level 4 in Ranged Weapons
   940 | D:2      | Noticed Natasha
   945 | D:2      | Killed Natasha
   946 | D:2      | Reached XP level 3. HP: 29/29 MP: 5/5
  1133 | D:2      | Noticed Natasha
  1139 | D:2      | Killed Natasha
  1140 | D:2      | Reached XP level 4. HP: 36/36 MP: 6/6
  1172 | D:2      | Reached skill level 5 in Ranged Weapons
  1327 | D:2      | Noticed Natasha
  1336 | D:2      | Killed Natasha
  1645 | D:2      | Noticed Sigmund
  1909 | D:3      | Found Guor's Book Shoppe.
  2033 | D:3      | Reached XP level 5. HP: 4/41 MP: 7/7
  2299 | D:3      | Killed from afar by an orc wizard

Illustrated notes

Levels and vault maps discovered:
D:1:      erik_arrival_cave_to_civilisation [erik_arrival_cave_to_hall],
          layout_basic
D:2:      layout_loops_ring, uniq_crazy_yiuf_cottage, uniq_natasha, uniq_sigmund
D:3:      layout_rooms, serial_shops, shop_statue

Skill      XL: |  1  2  3  4 |
---------------+-------------+-----
Stealth        | 1 2 |  2.0
Ranged Weapons | 4 5 |  5.9
Fighting       | |  1.7
Dodging        | |  1.7

Action                     |  1- 3 |  4- 6 || total
---------------------------+-------+-------++-------
  Melee: Shortbow          |       |     1 ||     1
   Fire: Shortbow          |    92 |    62 ||   154
 Armour: Leather armour    |    11 |       ||    11
  Dodge: Dodged            |    23 |     6 ||    29

Table legend: (Time is in decaauts)
 A = Elapsed time spent in this place.
 B = Non-inter-level travel time spent in this place.
 C = Inter-level travel time spent in this place.
 D = Time resting spent in this place.
 E = Time spent auto-exploring this place.
 F = Levels seen in this place.
 G = Mean time per level.
                   A        B        C        D        E       F      G
               +--------+--------+--------+--------+--------+-----+--------+
         Total |   2353 |   2312 |     41 |    512 |   1429 |   3 |  784.3 |
       Dungeon |   2353 |   2312 |     41 |    512 |   1429 |   3 |  784.3 |
               +--------+--------+--------+--------+--------+-----+--------+

Top non-repeatable levels by time:
     D:2: 990 daAuts
     D:1: 941 daAuts
     D:3: 421 daAuts
